 Dungeon Crawl Stone Soup version 0.31.0-32-g396128a36d (webtiles) character file.

Game seed: 747254211451085632

23 Peloso the Trooper (level 2, 27/27 HPs)
             Began as a Minotaur Fighter on Mar 15, 2024.
             Got out of the dungeon alive.
             The game lasted 00:01:08 (744 turns).

Peloso the Trooper (Minotaur Fighter)                Turns: 744, Time: 00:01:08

Health: 27/27      AC:  8    Str: 20    XL:     2   Next: 72%
Magic:  0/0        EV:  9    Int:  5    God:
Gold:   50         SH:  4    Dex:  9    Spells: 1/1 levels left

rFire   . . .        a - +0 long sword
rCold   . . .        d - +0 buckler
rNeg    . . .        b - +0 scale mail
rPois   .            (helmet restricted)
rElec   .            c - +0 cloak
rCorr   .            (no gloves)
SInv    .            (no boots)
Will    .....        (no amulet) Stlth
                     (no ring)
HPRegen 0.24/turn    (no ring)
MPRegen 0.07/turn

%: clarity
@: no status effects
A: horns 2, retaliatory headbutt, clarity, low MP 1
a: no special abilities


You escaped.
You visited 1 branch of the dungeon, and saw 1 of its levels.

You collected 50 gold pieces.

Inventory:

Hand Weapons
 a - a +0 long sword (weapon)
Armour
 b - a +0 scale mail (worn)
 c - a +0 cloak (worn)
 d - a +0 buckler (worn)
Scrolls
 e - a scroll of blinking {unknown}
Potions
 g - a potion of might


   Skills:
 + Level 4.0 Fighting
 + Level 3.0 Long Blades
 + Level 3.9 Armour
 + Level 3.9 Shields


You had one spell level left.
You didn't know any spells.
Your spell library was empty.

Dungeon Overview and Level Annotations

Branches:
Dungeon (1/15)

Altars:


Innate Abilities, Weirdness & Mutations

You have a pair of horns on your head.
You reflexively headbutt those who attack you in melee.
You possess an exceptional clarity of mind.
Your magical capacity is low. (-10% MP)


Message History

You are frozen.
You hit the endoplasm.
The endoplasm is almost dead.
The endoplasm misses you. The endoplasm completely misses you.
You hit the endoplasm.
You kill the endoplasm!
Your Long Blades skill increases to level 3!
A goblin comes into view. It is wielding a +0 dagger.
The goblin shouts!
A goblin is nearby!
A goblin is nearby!
A goblin is nearby!
You slash the goblin!
You kill the goblin!
You see here a +0 dagger.
A bat comes into view.
A bat is nearby!
A bat is nearby!
A bat is nearby!
The bat hits you but does no damage. The bat misses you.
You furiously retaliate!
You headbutt the bat.
You kill the bat!
You open the door.
There is an open door here.
There is an open door here.
There is an open door here.
There is an open door here.
There is an open door here.
Found a spear.
You now have 50 gold pieces (gained 10).
Done exploring.
Done exploring.
Done exploring.
Done exploring.
It was a potion of mutation.
You feel extremely strange.
You feel less energetic.
Your thoughts seem clearer.
What level of the Dungeon? (default 1, ? - help)
There is an open door here.
There is a staircase leading out of the dungeon here.
You have escaped!

#...#######.........#...## #.
##### #..............# #. ##
##### ########'#####.###. .#
#...###...###...#......'. .#
#.8.....8.....8.#.##...#. .#
#...###...###...#........ .#
##.## ##### #######.##.## .##
#...###...###...#........ ..#
#.8.....@.....8.#.#.##†..
#.####
#...###...###...#.#.#....
#....## ##### #####
##.##.#.#.... ####..#
#...###...###...#.#......
##.###.8.....8.....8.#.#......
#...#...###...###...#.#.#(...
###.##'## ##### #####.#.#....
#....# #.#.#.#.# ######
#.#.#....


There were no monsters in sight!

Vanquished Creatures
  3 ball pythons (D:1)
  6 bats (D:1)
  2 endoplasms (D:1)
  4 goblins (D:1)
  A hobgoblin (D:1)
  A kobold (D:1)
  A quokka (D:1)
  2 rats (D:1)
20 creatures vanquished.

Notes
Turn   | Place    | Note
-------+----------+-------------------------------------------
     0 | D:1      | Peloso the Minotaur Fighter began the quest for the Orb.
     0 | D:1      | Reached XP level 1. HP: 19/19 MP: 0/0
   179 | D:1      | Reached XP level 2. HP: 27/27 MP: 1/1
   383 | D:1      | Reached skill level 4 in Fighting
   696 | D:1      | Gained mutation: Your magical capacity is low. (-10% MP)
                  | [potion of mutation]
   696 | D:1      | Gained mutation: You possess an exceptional clarity of
                  | mind. [potion of mutation]
   744 | D:$      | Got out of the dungeon alive.

Illustrated notes

Levels and vault maps discovered:
D:1:      minmay_arrival_nine_rooms, layout_basic

Skill      XL: |  1  2 |
---------------+-------+-----
Fighting       | 4 |  4.0
Long Blades    | 3 |  3.0
Armour         | |  3.9
Shields        | |  3.9

Action                     || total
---------------------------++-------
  Melee: Long sword        ||    60
         Headbutt          ||     6
    Use: Potion            ||     1
 Armour: Scale mail        ||    46
  Dodge: Dodged            ||    23
  Block: Buckler           ||    18
